[Event "Titled Tuesday Blitz November 14 Early 2023"]
[White "Thake, Conrad"]
[Black "Hasangatin, Ramil"]
[WhiteFideId "5602947"]
[BlackFideId "4122160"]
[WhiteElo "1896"]
[BlackElo "2682"]
[Result "0-1"]
[Round "3"]
[TimeControl "180+1"]
[Date "2023.11.14"]
[WhiteClock "0:00:09"]
[BlackClock "0:01:09"]
[Board "66"]

1. e4 d5 2. exd5 Qxd5 3. Nc3 Qd6 4. d4 Nf6 5. Nge2 c6 6. Bf4 Qd8 7. g3 Bg4 8. Bg2 e6 9. h3 Bxe2 10. Qxe2 Bd6 11. Bxd6 Qxd6 12. Rd1 O-O 13. O-O Nbd7 14. Ne4 Nxe4 15. Bxe4 Nf6 16. Bg2 Rad8 17. c3 Rfe8 18. Kh2 Nd5 19. Rfe1 b5 20. a3 a5 21. Qe4 a4 22. Bf3 g6 23. Bg2 h5 24. Bf3 Kg7 25. Bg2 Re7 26. h4 Rc7 27. Bf3 Kg8 28. Bg2 Nf6 29. Qe2 Kg7 30. Be4 Rcc8 31. Bg2 Rd7 32. Be4 Nxe4 33. Qxe4 Qd5 34. Qxd5 Rxd5 35. Re3 Rcd8 36. Rde1 c5 37. dxc5 Rxc5 38. Re5 Rdd5 39. f4 Kf6 40. Rxd5 Rxd5 41. Re2 Kf5 42. Kg2 Kg4 43. b4 axb3 44. Rb2 Rd3 45. Rxb3 Rxg3+ 46. Kh2 Rd3 47. Rxb5 Rxc3 48. Rb7 f5 49. Rg7 Rc2+ 50. Kg1 Kxf4 51. Rxg6 e5 52. a4 Ra2 53. Ra6 e4 54. Kf1 Kf3 55. Ke1 e3 56. Ra5 Ra1# 0-1


[Site "https://www.chess.com"]

[Event "Titled Tuesday Blitz November 14 Early 2023"]
[White "Yaksin, Oleg"]
[Black "Tabatabaei, M. Amin"]
[WhiteFideId "24105880"]
[BlackFideId "12521213"]
[WhiteElo "2533"]
[BlackElo "3079"]
[Result "0-1"]
[Round "3"]
[TimeControl "180+1"]
[Date "2023.11.14"]
[WhiteClock "0:00:09"]
[BlackClock "0:01:09"]
[Board "67"]

1. d4 d5 2. c4 c6 3. Nf3 Nf6 4. Qb3 dxc4 5. Qxc4 Bf5 6. g3 h6 7. Bg2 e6 8. O-O Nbd7 9. Nc3 Be7 10. Re1 Ne4 11. Nh4 Nd6 12. Qb3 Bxh4 13. gxh4 Qxh4 14. e4 Bh3 15. Qd1 Bxg2 16. Kxg2 O-O 17. Qf3 f5 18. e5 Ne4 19. Nxe4 fxe4 20. Rxe4 Qxh2+ 21. Kxh2 Rxf3 22. Be3 Kh7 23. Kg2 Raf8 24. Rh1 Nb6 25. Reh4 Nd5 26. Bxh6 Rxf2+ 27. Kg3 R8f3+ 28. Kg4 Kg6 29. Bc1 Ne7 30. R4h3 Rxh3 31. Rxh3 Rc2 32. Rc3 Rxc3 33. bxc3 b5 34. Bd2 Nd5 35. Be1 a5 36. Bd2 a4 37. a3 Nb6 38. Bc1 Nc4 39. Kf4 Kh5 40. Kg3 g5 41. Kh3 g4+ 42. Kg3 Nb6 43. Bd2 Nd5 44. Be1 Ne3 45. Bf2 Nc4 46. Be1 Nxa3 0-1


[Site "https://www.chess.com"]

[Event "Titled Tuesday Blitz November 14 Early 2023"]
[White "Alinasab, Mobina"]
[Black "Movahed, Sina"]
[WhiteFideId "12528897"]
[BlackFideId "42520835"]
[WhiteElo "2533"]
[BlackElo "3061"]
[Result "1-0"]
[Round "3"]
[TimeControl "180+1"]
[Date "2023.11.14"]
[WhiteClock "0:00:08"]
[BlackClock "0:00:32"]
[Board "68"]

1. e4 c5 2. Nf3 d6 3. d4 cxd4 4. Nxd4 Nf6 5. Nc3 a6 6. Be3 Ng4 7. Bc1 Nc6 8. h3 Nf6 9. Be3 e5 10. Nf3 h6 11. Nd5 Nxd5 12. exd5 Ne7 13. c4 Ng6 14. a4 a5 15. Rc1 b6 16. Nd2 f5 17. Qh5 Qf6 18. Bxb6 Be7 19. c5 O-O 20. c6 e4 21. Nc4 Ba6 22. Qd1 f4 23. Bd4 Qf7 24. Nb6 Bxf1 25. Kxf1 Bh4 26. c7 e3 27. Nxa8 Bxf2 28. c8=Q Rxc8 29. Rxc8+ Kh7 30. Bc3 Ne7 31. Rc7 Nf5 32. Qf3 Qe8 33. g4 1-0


[Site "https://www.chess.com"]

[Event "Titled Tuesday Blitz November 14 Early 2023"]
[White "Niemann, Hans Moke"]
[Black "brm72"]
[WhiteFideId "2093596"]
[WhiteElo "3028"]
[BlackElo "2533"]
[Result "1-0"]
[Round "3"]
[TimeControl "180+1"]
[Date "2023.11.14"]
[WhiteClock "0:01:02"]
[BlackClock "0:00:05"]
[Board "69"]

1. e4 e6 2. d4 d5 3. Nc3 Bb4 4. Ne2 dxe4 5. a3 Bxc3+ 6. Nxc3 Nf6 7. Bg5 h6 8. Bh4 Nc6 9. Bb5 Bd7 10. Nxe4 g5 11. Nxf6+ Qxf6 12. Bg3 Qg6 13. Bxc7 Qe4+ 14. Qe2 Qxe2+ 15. Bxe2 Nxd4 16. Bd3 f6 17. c3 Nc6 18. Bg6+ Ke7 19. O-O-O f5 20. Rhe1 Rac8 21. Bd6+ Kf6 22. Bh5 e5 23. Bxe5+ Nxe5 24. Rd5 Be8 25. Bd1 Nc6 26. Bc2 Rd8 27. Rxf5+ Kg7 28. Rb5 b6 29. f3 Nd4 30. Rbe5 Nxc2 31. Kxc2 Bg6+ 32. Kb3 Rd2 33. Re7+ Bf7+ 34. c4 Rhd8 35. Rxa7 R8d3+ 36. Ka4 Kg6 37. b3 Rb2 38. Ree7 Rbxb3 39. Rxf7 Rxa3+ 40. Kb5 Rdb3+ 41. Kc6 Rxa7 42. Rxa7 Rb2 43. g4 h5 44. h3 hxg4 45. fxg4 Rb3 46. Rd7 Kf6 47. Rd5 Rb4 48. Rf5+ Kg6 49. Kd5 Rb3 50. Kc6 Rb4 51. Kd5 Rb3 52. Re5 Rd3+ 53. Kc6 Rxh3 54. Kxb6 Rc3 55. Re4 Rb3+ 56. Kc6 Kf6 57. c5 Rb1 58. Kc7 Rc1 59. c6 Kf7 60. Kd7 Rd1+ 61. Kc8 1-0


[Site "https://www.chess.com"]

[Event "Titled Tuesday Blitz November 14 Early 2023"]
[White "Postlmayer, Jakob"]
[Black "Bortnyk, Olexandr"]
[WhiteFideId "1643622"]
[BlackFideId "14120828"]
[WhiteElo "2532"]
[BlackElo "2999"]
[Result "0-1"]
[Round "3"]
[TimeControl "180+1"]
[Date "2023.11.14"]
[WhiteClock "0:00:58"]
[BlackClock "0:00:40"]
[Board "70"]

1. d4 d6 2. e4 Nf6 3. Nc3 e5 4. Nf3 Nbd7 5. Bc4 Be7 6. O-O c6 7. a4 a5 8. Qe2 O-O 9. Rd1 Qc7 10. Ba2 exd4 11. Nxd4 Nc5 12. h3 Re8 13. Qf3 Bf8 14. Re1 d5 15. Bf4 Qb6 16. exd5 Bd7 17. dxc6 bxc6 18. Bg5 Be7 19. Rab1 Nxa4 20. Nxa4 Qxd4 21. Nc3 Qc5 22. Be3 Qf5 23. Qxf5 Bxf5 24. Bb3 Bb4 25. Bd4 Rxe1+ 26. Rxe1 a4 27. Bc4 Bxc2 28. Re7 Bxe7 0-1


[Site "https://www.chess.com"]

[Event "Titled Tuesday Blitz November 14 Early 2023"]
[White "TomLiu777"]
[Black "Oparin, Grigoriy"]
[BlackFideId "24125890"]
[WhiteElo "2532"]
[BlackElo "2989"]
[Result "0-1"]
[Round "3"]
[TimeControl "180+1"]
[Date "2023.11.14"]
[WhiteClock "0:00:00"]
[BlackClock "0:00:18"]
[Board "71"]

1. c4 Nf6 2. Nc3 e5 3. Nf3 Nc6 4. e4 b6 5. d4 exd4 6. Nxd4 Bb7 7. Nc2 Bc5 8. Be2 O-O 9. O-O Re8 10. Bg5 h6 11. Bxf6 Qxf6 12. Nd5 Qd8 13. b4 Bf8 14. Bd3 Ne5 15. f4 Nxd3 16. Qxd3 a5 17. a3 c6 18. Nc3 axb4 19. axb4 Rxa1 20. Rxa1 Qf6 21. Ra7 Bc8 22. g3 Qg6 23. Ra1 h5 24. Rd1 h4 25. Kf2 d6 26. Ne3 Qh5 27. Qe2 Qh6 28. Qf3 d5 29. cxd5 Bxb4 30. Ne2 cxd5 31. Rxd5 Bc5 32. Kg2 hxg3 33. Rh5 Qe6 34. Nxg3 Qa2+ 35. Ne2 Rxe4 36. Qxe4 Qxe2+ 37. Kh1 Qxh5 38. Qe8+ Kh7 39. Qxc8 Bxe3 0-1


[Site "https://www.chess.com"]

[Event "Titled Tuesday Blitz November 14 Early 2023"]
[White "Ben Artzi, Ido"]
[Black "Makarian, Rudik"]
[WhiteFideId "2810913"]
[BlackFideId "44105681"]
[WhiteElo "2530"]
[BlackElo "2971"]
[Result "1-0"]
[Round "3"]
[TimeControl "180+1"]
[Date "2023.11.14"]
[WhiteClock "0:00:02"]
[BlackClock "0:00:00"]
[Board "72"]

1. d4 Nf6 2. c4 e6 3. Nc3 d5 4. cxd5 exd5 5. Bg5 c6 6. e3 Bf5 7. Qf3 Bg6 8. Bxf6 Qxf6 9. Qxf6 gxf6 10. h4 h5 11. Nh3 Bd6 12. Kd2 Nd7 13. Bd3 a5 14. Ne2 Nb6 15. b3 Kd7 16. Nhf4 Rhg8 17. Ng3 Bxf4 18. exf4 Bxd3 19. Kxd3 Rh8 20. Nf5 Rae8 21. f3 Nc8 22. g4 Reg8 23. g5 Nd6 24. Ne3 Re8 25. Rhg1 f5 26. g6 f6 27. g7 Rhg8 28. Rg6 Ke6 29. Rag1 Kf7 30. R6g2 Ra8 31. a4 Ra6 32. Nd1 Ne8 33. Ne3 Nd6 34. Nd1 Raa8 35. Ne3 Rab8 36. Nd1 Rbe8 37. Ne3 Re7 38. Rc2 Rxg7 39. Rxg7+ Kxg7 40. Rc5 Kf7 41. Rxa5 Ke6 42. Ra8 Re8 43. Rxe8+ Nxe8 44. Nf1 Kf7 45. Ng3 Kg6 46. Kc3 Nc7 47. Kb4 Ne6 48. Ne2 b6 49. a5 bxa5+ 50. Kxa5 c5 51. dxc5 Nxc5 52. b4 Nb3+ 53. Ka4 Nd2 54. b5 Nc4 55. Kb4 Kf7 56. Kc5 Ke6 57. Nd4+ Kd7 58. Kxd5 Ne3+ 59. Kc5 Ng2 60. b6 Nxh4 61. Nb5 Nxf3 62. b7 1-0


[Site "https://www.chess.com"]

[Event "Titled Tuesday Blitz November 14 Early 2023"]
[White "vishwa_vijeta"]
[Black "Galchenko, Matvey"]
[BlackFideId "24175480"]
[WhiteElo "2529"]
[BlackElo "2940"]
[Result "0-1"]
[Round "3"]
[TimeControl "180+1"]
[Date "2023.11.14"]
[WhiteClock "0:00:13"]
[BlackClock "0:00:15"]
[Board "73"]

1. e4 c5 2. Nf3 g6 3. d4 cxd4 4. Nxd4 Bg7 5. c4 Nc6 6. Be3 Nf6 7. Nc3 O-O 8. Be2 d6 9. O-O Nxd4 10. Bxd4 a5 11. b3 Bd7 12. f3 Bc6 13. Qd2 Nd7 14. Be3 Nc5 15. Rfc1 e6 16. Bd4 Bxd4+ 17. Qxd4 e5 18. Qe3 Ne6 19. Bf1 f5 20. exf5 gxf5 21. Qh6 Rf6 22. Qh4 Qb6+ 23. Qf2 Qxf2+ 24. Kxf2 Nd4 25. Ne2 Ne6 26. Rd1 Rd8 27. Rd2 Kf7 28. Rad1 Ke7 29. Ng3 f4 30. Ne2 Rh6 31. h3 Rg6 32. Nc3 Nd4 33. Ne2 Nf5 34. Nc3 Ne3 35. Re1 Rdg8 36. g4 h5 37. Rxe3 fxe3+ 38. Kxe3 hxg4 39. hxg4 Rf8 40. Nd5+ Bxd5 41. Rxd5 e4 42. Be2 exf3 43. Bxf3 Re6+ 44. Kf2 Ref6 45. Rd3 b6 46. Kg3 Re6 47. Bd5 Re1 48. Kh4 Kf6 49. Rf3+ Kg7 50. Rd3 Kg6 51. Bf3 Rf6 52. g5 Rfe6 53. Bg4 R1e4 54. Kg3 R6e5 55. Bf3 Rxg5+ 56. Kf2 Re6 57. Rd4 Rf6 58. Rd3 Kf5 59. Rd5+ Kg6 60. Rd3 Kf7 61. Ke2 Ke6 62. Kd2 Kd7 63. Kc3 Kc7 64. Bd5 Rfg6 65. Rf3 Rg3 66. Rxg3 Rxg3+ 67. Kd4 Rh3 68. Be4 Rh2 69. a3 Ra2 70. Bb1 Rb2 71. Be4 Rxb3 72. Bd5 Rxa3 73. Ke4 Rg3 74. Kf5 Re3 75. Kf4 Re5 76. Kf3 a4 77. Be4 a3 78. Bb1 Kc6 79. Ba2 Kc5 80. Kf2 Kb4 81. Kf3 Kc3 82. Kf2 Kb2 83. Kf3 Kxa2 84. Kf2 Kb3 0-1


[Site "https://www.chess.com"]

[Event "Titled Tuesday Blitz November 14 Early 2023"]
[White "Ashraf, Artin"]
[Black "Molenda, Marcin"]
[WhiteFideId "22514805"]
[BlackFideId "1173065"]
[WhiteElo "2921"]
[BlackElo "2526"]
[Result "1-0"]
[Round "3"]
[TimeControl "180+1"]
[Date "2023.11.14"]
[WhiteClock "0:00:22"]
[BlackClock "0:01:09"]
[Board "75"]

1. e4 e5 2. Nf3 Nf6 3. Nxe5 d6 4. Nf3 Nxe4 5. d3 Nf6 6. g3 d5 7. Bg2 Bd6 8. O-O O-O 9. a3 h6 10. b4 a5 11. b5 a4 12. Nc3 Nbd7 13. Re1 Re8 14. Be3 Qe7 15. Bf4 Qf8 16. Rxe8 Nxe8 17. Nxd5 Bxa3 18. Nxc7 Nxc7 19. Bxc7 Bb2 20. Ra2 a3 21. c4 Qb4 22. Ne1 Nc5 23. Bd6 Qb3 24. Qxb3 Nxb3 25. Nc2 Nc1 26. Bxa3 Nxa2 27. Bxb2 Bf5 28. Bxb7 Rb8 29. Be4 Bxe4 30. dxe4 Rd8 31. b6 Kf8 32. c5 Ke7 33. b7 Kd7 34. Be5 Kc6 35. b8=Q Rxb8 36. Bxb8 1-0


[Site "https://www.chess.com"]

[Event "Titled Tuesday Blitz November 14 Early 2023"]
[White "Manukian, Artak"]
[Black "Elsa167"]
[WhiteFideId "13301373"]
[WhiteElo "2525"]
[BlackElo "2916"]
[Result "0-1"]
[Round "3"]
[TimeControl "180+1"]
[Date "2023.11.14"]
[WhiteClock "0:00:00"]
[BlackClock "0:00:32"]
[Board "76"]

1. e4 e6 2. d4 d5 3. e5 c5 4. c3 Nc6 5. Nf3 Qb6 6. a3 c4 7. Nbd2 Na5 8. g3 Bd7 9. Bh3 Ne7 10. O-O Nc8 11. Re1 Qc7 12. Nf1 Nb6 13. Bf4 h6 14. Bg2 Ba4 15. Qe2 Be7 16. h4 O-O-O 17. N1h2 Kb8 18. Ng4 Ka8 19. Ne3 Rdg8 20. h5 Bd7 21. g4 Na4 22. Bg3 Qb6 23. Rab1 Rc8 24. Bh4 Qd8 25. Bxe7 Qxe7 26. Kh2 Rc6 27. Kg3 Rb6 28. Nd1 g6 29. Rh1 g5 30. Ne1 Rf8 31. Nc2 f6 32. exf6 Qxf6 33. Qe3 Nb3 34. Re1 Qf4+ 35. Qxf4 gxf4+ 36. Kh2 Nd2 37. Rc1 f3 38. Bh3 Nxb2 39. Nxb2 Rxb2 40. g5 hxg5 41. Bxe6 Bxe6 42. Rxe6 Ne4 43. h6 Kb8 44. Kh3 Rf4 45. Rxe4 dxe4 46. Kg3 Rh4 47. Ne3 Rxh6 48. Nxc4 Re2 49. Ne3 g4 0-1


[Site "https://www.chess.com"]

[Event "Titled Tuesday Blitz November 14 Early 2023"]
[White "Reprintsev, Alexander"]
[Black "Yeletsky, Ivan"]
[WhiteFideId "14100541"]
[BlackFideId "24180327"]
[WhiteElo "2525"]
[BlackElo "2911"]
[Result "1-0"]
[Round "3"]
[TimeControl "180+1"]
[Date "2023.11.14"]
[WhiteClock "0:00:13"]
[BlackClock "0:00:01"]
[Board "77"]

1. e4 g6 2. d4 Bg7 3. Nc3 d6 4. Nf3 Nf6 5. Be3 a6 6. Qd2 Nc6 7. d5 Na7 8. Bh6 O-O 9. h4 Nb5 10. Bxg7 Kxg7 11. h5 Nxc3 12. Qxc3 e5 13. dxe6 Bxe6 14. O-O-O Qe7 15. Ng5 h6 16. Nxe6+ Qxe6 17. hxg6 fxg6 18. f3 Qxa2 19. Bc4 Qa1+ 20. Kd2 Qa4 21. Bb3 Qc6 22. Qe3 g5 23. Kc1 Rae8 24. Rh3 Qc5 25. Qd2 d5 26. Rdh1 Rh8 27. exd5 Qe3 28. Qxe3 Rxe3 29. Kd2 Re5 30. c4 b6 31. Bc2 a5 32. g3 h5 33. f4 gxf4 34. gxf4 Re7 35. Rg1+ Kf7 36. Bf5 Ne4+ 37. Kc2 Nc5 38. Rgh1 Re2+ 39. Kc1 Kf6 40. Bc2 Rf2 41. Rxh5 Rxh5 42. Rxh5 Rxf4 43. Rh7 Rf1+ 44. Kd2 Rf2+ 45. Kd1 Rf1+ 46. Ke2 Rg1 47. Rxc7 Ke5 48. Rh7 Rg2+ 49. Kd1 Rg1+ 50. Kd2 Rg2+ 51. Kd1 Rg1+ 52. Kd2 Rg2+ 53. Kc1 Rg1+ 54. Bd1 Nd3+ 55. Kd2 Nxb2 56. Be2 Rg2 57. Ke3 Rg3+ 58. Kf2 Rc3 59. Rc7 a4 60. Rc6 a3 61. Rxb6 Rc2 62. Re6+ Kd4 63. Ra6 a2 64. d6 Nxc4 65. d7 Kc3 66. d8=Q 1-0


[Site "https://www.chess.com"]

[Event "Titled Tuesday Blitz November 14 Early 2023"]
[White "Zhigalko, Sergei"]
[Black "HeroRubiksCube"]
[WhiteFideId "13502956"]
[WhiteElo "2890"]
[BlackElo "2522"]
[Result "1-0"]
[Round "3"]
[TimeControl "180+1"]
[Date "2023.11.14"]
[WhiteClock "0:00:03"]
[BlackClock "0:00:09"]
[Board "78"]

1. e4 c6 2. d4 d5 3. e5 c5 4. Nf3 Nc6 5. dxc5 Bg4 6. c3 e6 7. Be3 Bxf3 8. Qxf3 Nxe5 9. Bb5+ Nc6 10. O-O Nf6 11. c4 Be7 12. Nc3 O-O 13. cxd5 Nxd5 14. Rad1 Qa5 15. Nxd5 exd5 16. Bd3 Bxc5 17. Bxh7+ Kxh7 18. Rxd5 b6 19. Rh5+ Kg8 20. Qh3 f6 21. Qe6+ Rf7 22. Qxc6 Rd8 23. a3 Rd6 24. Qe8+ Rf8 25. Rh8+ Kxh8 26. Qxf8+ Kh7 27. b4 Bxb4 28. axb4 Qxb4 29. h3 a5 30. Qe8 Qc4 31. Qh5+ Kg8 32. Qe8+ Kh7 33. Qh5+ Kg8 34. Rc1 Qe6 35. Qb5 f5 36. Rb1 Qe4 37. Bxb6 a4 38. Bc5 Rd5 39. Rc1 a3 40. Qb3 Qe6 41. Bxa3 Kh7 42. Qc2 g6 43. Bb4 Re5 44. Qc7+ Kh6 45. Qc3 Re4 46. Qh8+ Kg5 47. Qd8+ Kh6 48. Bd2+ f4 49. Qh4+ Kg7 50. Bxf4 Qf5 51. Rc7+ Kf8 52. Qh8# 1-0


[Site "https://www.chess.com"]

[Event "Titled Tuesday Blitz November 14 Early 2023"]
[White "Mahdavi, Reza"]
[Black "Rietze, Clemens, Dr."]
[WhiteFideId "12595926"]
[BlackFideId "24620351"]
[WhiteElo "2884"]
[BlackElo "2521"]
[Result "1-0"]
[Round "3"]
[TimeControl "180+1"]
[Date "2023.11.14"]
[WhiteClock "0:00:48"]
[BlackClock "0:00:30"]
[Board "79"]

1. e4 c5 2. Nf3 Nc6 3. d4 cxd4 4. Nxd4 Nf6 5. Nc3 d6 6. Bg5 e6 7. Qd3 a6 8. Nxc6 bxc6 9. O-O-O Be7 10. Qg3 Qc7 11. Be2 e5 12. f4 h6 13. Bh4 g5 14. fxg5 Rg8 15. Kb1 hxg5 16. Bxg5 Nh7 17. h4 Nxg5 18. hxg5 Bxg5 19. Rh5 Qe7 20. Bc4 Be6 21. Bxe6 fxe6 22. Qd3 O-O-O 23. Qxa6+ Qb7 24. Qc4 d5 25. exd5 exd5 26. Rxd5 Be3 27. Rxd8+ Rxd8 28. Qe6+ 1-0


[Site "https://www.chess.com"]

[Event "Titled Tuesday Blitz November 14 Early 2023"]
[White "Purtseladze, Maka"]
[Black "BardArtem"]
[WhiteFideId "13602659"]
[WhiteElo "2520"]
[BlackElo "2840"]
[Result "1/2-1/2"]
[Round "3"]
[TimeControl "180+1"]
[Date "2023.11.14"]
[WhiteClock "0:00:14"]
[BlackClock "0:00:06"]
[Board "80"]

1. b3 d5 2. Bb2 Nf6 3. Nf3 Bf5 4. e3 e6 5. c4 c6 6. Nc3 Nbd7 7. Be2 h6 8. O-O Bd6 9. Nd4 Bh7 10. cxd5 exd5 11. f4 O-O 12. Qe1 Nc5 13. Qh4 Nfe4 14. Qxd8 Raxd8 15. Nxe4 Nxe4 16. Rfd1 Rfe8 17. a3 g5 18. g3 gxf4 19. gxf4 Bf8 20. Nf3 Bg7 21. Bxg7 Kxg7 22. b4 Kf6 23. Nd4 Bf5 24. Nxf5 Kxf5 25. Rac1 d4 26. Bd3 Kf6 27. Bxe4 Rxe4 28. Kf2 Rd5 29. Kf3 Kf5 30. Rc4 Re6 31. Rxd4 Rxd4 32. exd4 Re4 33. d3 Rxd4 34. Ke3 Rxf4 35. Rg1 Rh4 36. Rg7 Kf6 37. Rg8 Rxh2 38. Rb8 Ra2 39. Rxb7 Rxa3 40. Rc7 h5 41. Rxc6+ Kg5 42. Rc5+ f5 43. Rc7 h4 44. Rg7+ Kh6 45. Rg8 Kh7 46. Rg5 Ra6 47. Rxf5 Rh6 48. Rf2 h3 49. Rh2 Kg6 50. Kf4 Kf6 51. Kg4 Ke5 52. Rxh3 Rxh3 53. Kxh3 Kd4 54. Kg4 Kc3 55. b5 Kxd3 56. Kf3 Kc4 57. Ke3 Kxb5 58. Kd2 Kb4 59. Kc2 Ka3 60. Kb1 Kb3 61. Ka1 Ka3 62. Kb1 Kb3 63. Ka1 Ka3 64. Kb1 1/2-1/2


[Site "https://www.chess.com"]

[Event "Titled Tuesday Blitz November 14 Early 2023"]
[White "mind1mover"]
[Black "Olsson, Linus"]
[BlackFideId "1706098"]
[WhiteElo "2838"]
[BlackElo "2520"]
[Result "1-0"]
[Round "3"]
[TimeControl "180+1"]
[Date "2023.11.14"]
[WhiteClock "0:01:16"]
[BlackClock "0:01:29"]
[Board "81"]

1. Nf3 g6 2. b3 Bg7 3. d4 Nf6 4. Bb2 O-O 5. g3 d5 6. Bg2 Bf5 7. O-O Qc8 8. c4 c6 9. Nc3 Bh3 10. Rc1 Bxg2 11. Kxg2 Qd8 12. e3 e6 13. Qe2 Nbd7 14. e4 dxe4 15. Nxe4 Nxe4 16. Qxe4 a5 17. a4 Qb6 18. Qe3 Rfe8 19. Rfd1 Rad8 20. c5 Qc7 21. Bc3 Ra8 22. Ne5 Red8 23. Nc4 Nf6 24. Qe1 Qd7 25. Nb6 Qc7 26. Bxa5 Ra6 27. Nc4 Qe7 28. Bxd8 Qxd8 29. a5 Qd5+ 30. f3 g5 31. Qe5 g4 32. Qxd5 exd5 33. Nd6 gxf3+ 34. Kxf3 Ne4 1-0


[Site "https://www.chess.com"]

[Event "Titled Tuesday Blitz November 14 Early 2023"]
[White "Tifferet, Shaked"]
[Black "Timofeev, Artyom"]
[WhiteFideId "2811529"]
[BlackFideId "4140419"]
[WhiteElo "2517"]
[BlackElo "2833"]
[Result "1/2-1/2"]
[Round "3"]
[TimeControl "180+1"]
[Date "2023.11.14"]
[WhiteClock "0:00:08"]
[BlackClock "0:00:05"]
[Board "82"]

1. e4 d6 2. d4 Nf6 3. Nd2 g6 4. Ngf3 Bg7 5. Bd3 O-O 6. O-O Nc6 7. c3 e5 8. Re1 h6 9. dxe5 dxe5 10. Bb5 Qe7 11. Nc4 Nh5 12. b3 Rd8 13. Qc2 Nf4 14. Bxf4 exf4 15. Bxc6 bxc6 16. e5 Bf5 17. Qc1 g5 18. Nd4 Bd7 19. Qc2 c5 20. Nf5 Bxf5 21. Qxf5 Rd5 22. Rad1 c6 23. h4 Rad8 24. Rb1 gxh4 25. Re4 Qg5 26. Rxf4 Qxf5 27. Rxf5 Rd3 28. Nd6 Rxc3 29. Re1 Rd7 30. Ne4 Rc2 31. Nf6+ Bxf6 32. exf6 Rxa2 33. Rxc5 Rd6 34. Rf5 Kh7 35. Re4 Kg6 36. Rf3 h5 37. Rxh4 a5 38. Rhf4 Rd5 39. Kh2 Rb2 40. Kh3 Rg5 41. g3 Rb5 42. Rc4 R2xb3 43. Rxb3 Rxb3 44. Rxc6 a4 45. Ra6 Ra3 46. f4 Ra1 47. Ra5 a3 48. Kg2 a2 49. Kh2 Kxf6 50. Ra6+ Kf5 51. Ra5+ Ke4 52. Ra4+ Kf3 53. Ra3+ Kg4 54. Ra5 f6 55. Kg2 h4 56. gxh4 Kxf4 57. h5 Kg4 58. h6 Rb1 59. Rxa2 Rb8 60. Ra4+ Kg5 61. Ra3 Kxh6 62. Rh3+ Kg6 63. Rg3+ Kf7 64. Rf3 Ke6 65. Ra3 Kf5 66. Kf3 Kg5 67. Ra5+ f5 68. Ra3 Rb4 69. Kg3 Rb1 70. Kf3 Rf1+ 71. Kg2 Rd1 72. Ra4 f4 73. Ra8 Rd3 74. Rg8+ Kf5 75. Rf8+ Ke4 76. Re8+ Kd4 77. Rd8+ Ke3 78. Rxd3+ Kxd3 79. Kf3 Kd2 80. Kxf4 1/2-1/2


[Site "https://www.chess.com"]

[Event "Titled Tuesday Blitz November 14 Early 2023"]
[White "Nilsen, Tobias Lang"]
[Black "Mikhailovsky, Vladimir"]
[WhiteFideId "1521624"]
[BlackFideId "34105414"]
[WhiteElo "2516"]
[BlackElo "2822"]
[Result "1/2-1/2"]
[Round "3"]
[TimeControl "180+1"]
[Date "2023.11.14"]
[WhiteClock "0:00:16"]
[BlackClock "0:00:02"]
[Board "83"]

1. e4 c5 2. Nf3 e6 3. d4 cxd4 4. Nxd4 Nf6 5. Nc3 Nc6 6. Ndb5 Bc5 7. Nd6+ Ke7 8. Bf4 e5 9. Nf5+ Kf8 10. Be3 Bb4 11. a3 Bxc3+ 12. bxc3 Nxe4 13. Qg4 Qf6 14. Qxe4 d5 15. Qxd5 Bxf5 16. Bc4 Kg8 17. O-O Be6 18. Qc5 Bxc4 19. Qxc4 h6 20. Rab1 b6 21. Rfd1 Kh7 22. Qe4+ g6 23. Rd5 Rhd8 24. c4 Rac8 25. Rbd1 Na5 26. Rxd8 Rxd8 27. Rxd8 Qxd8 28. Qd5 Qxd5 29. cxd5 Nc4 30. a4 Kg7 31. Kf1 f5 32. Ke2 g5 33. Kd3 Nb2+ 34. Kc3 Nxa4+ 35. Kb3 Nc5+ 36. Bxc5 bxc5 37. Kc4 Kf7 38. Kxc5 Ke7 39. g4 f4 40. c4 a5 41. d6+ Kd7 42. Kd5 a4 43. c5 a3 44. c6+ Kd8 45. Ke6 a2 46. c7+ Kc8 47. d7+ Kxc7 48. Ke7 a1=Q 49. d8=Q+ Kc6 50. Qd6+ Kb5 51. Qd5+ Kb4 52. Qe4+ Kc5 53. Kf6 Qd4 54. Qxe5+ Kc4 55. Qxd4+ Kxd4 56. Kg6 Kd3 57. Kxh6 Ke2 58. Kxg5 f3 59. h4 Kxf2 60. h5 Kg3 61. h6 f2 62. h7 f1=Q 63. h8=Q Qf4+ 64. Kg6 Qxg4+ 65. Kf7 Qf5+ 66. Ke7 Qe4+ 67. Kd7 Qd5+ 68. Ke7 Qe4+ 69. Kf7 Qf5+ 70. Kg8 Qc8+ 71. Kh7 Qf5+ 72. Kg8 Kf4 73. Qg7 Qd5+ 74. Qf7+ Ke5 75. Kh8 Qxf7 1/2-1/2


[Site "https://www.chess.com"]

[Event "Titled Tuesday Blitz November 14 Early 2023"]
[White "Cristi_Coca"]
[Black "Szpar, Milosz"]
[BlackFideId "1184989"]
[WhiteElo "2515"]
[BlackElo "2818"]
[Result "0-1"]
[Round "3"]
[TimeControl "180+1"]
[Date "2023.11.14"]
[WhiteClock "0:01:43"]
[BlackClock "0:01:33"]
[Board "84"]

1. e4 c5 2. c3 e6 3. d4 d5 4. exd5 exd5 5. Nf3 Nc6 6. Bd3 Nf6 7. O-O Be7 8. Re1 O-O 9. Nbd2 h6 10. dxc5 Bxc5 11. Nb3 Bd6 12. h3 Bd7 13. Nfd4 Ne5 14. Bc2 Re8 15. Bf4 Qc7 16. Bxe5 Bxe5 17. Qf3 g6 18. Rad1 Kg7 19. Nc1 Bxd4 20. Rxe8 Rxe8 0-1


[Site "https://www.chess.com"]

[Event "Titled Tuesday Blitz November 14 Early 2023"]
[White "elmusmolamas"]
[Black "Xu, Yi"]
[BlackFideId "8605564"]
[WhiteElo "2514"]
[BlackElo "2808"]
[Result "0-1"]
[Round "3"]
[TimeControl "180+1"]
[Date "2023.11.14"]
[WhiteClock "0:00:01"]
[BlackClock "0:00:11"]
[Board "85"]

1. e4 c6 2. d4 d5 3. exd5 cxd5 4. Bd3 Nc6 5. c3 g6 6. Nf3 Bf5 7. O-O Nf6 8. Re1 e6 9. Bf4 Bd6 10. Bh6 Ng4 11. Bg7 Rg8 12. Be5 Bxe5 13. dxe5 Qb6 14. Re2 Bxd3 15. Qxd3 Ngxe5 16. Nxe5 Nxe5 17. Rxe5 Qxb2 18. Re1 Qxa1 19. Qd2 Rc8 20. Rc1 d4 21. Na3 dxc3 22. Qc2 Qxc1+ 23. Qxc1 Ke7 24. Nb5 Rgd8 25. Kf1 c2 26. Ke2 Rd1 27. Qa3+ Ke8 28. Qa4 Kf8 29. Nd6 Rxd6 0-1


[Site "https://www.chess.com"]

[Event "Titled Tuesday Blitz November 14 Early 2023"]
[White "Novik, Maxim"]
[Black "Lobanov, Sergei"]
[WhiteFideId "4102924"]
[BlackFideId "24183750"]
[WhiteElo "2511"]
[BlackElo "2806"]
[Result "0-1"]
[Round "3"]
[TimeControl "180+1"]
[Date "2023.11.14"]
[WhiteClock "0:00:00"]
[BlackClock "0:00:04"]
[Board "86"]

1. e4 e5 2. Nf3 Nc6 3. Bc4 Nf6 4. d3 Bc5 5. O-O d6 6. Nc3 a6 7. a4 h6 8. Be3 O-O 9. Bxc5 dxc5 10. a5 Bg4 11. h3 Bh5 12. Ne2 Bxf3 13. gxf3 Nh5 14. Qd2 Nd4 15. Nxd4 cxd4 16. Kh2 Kh8 17. Rg1 f5 18. Rg6 Nf4 19. Rg3 fxe4 20. fxe4 Qh4 21. Rf1 Rf6 22. Qd1 h5 23. Rfg1 Raf8 24. Qf1 g6 25. f3 Kh7 26. c3 Rd6 27. Rg5 dxc3 28. bxc3 Rfd8 29. Rxe5 Nxd3 30. Rd5 Nf4 31. Rxd6 Rxd6 32. Bd5 c6 33. c4 cxd5 34. cxd5 Rd7 35. Rg3 Rc7 36. Qd1 Rc3 37. d6 Rd3 38. Qc1 Qf6 39. Qc7+ Kh6 40. e5 Qxe5 41. Qc1 Qe2+ 42. Kh1 Rd1+ 43. Qxd1 Qxd1+ 44. Kh2 Qxd6 0-1


[Site "https://www.chess.com"]